 Dungeon Crawl Stone Soup version 0.25-a0-471-g78e40d7af6 (webtiles) character file.

Game seed: 8107072676723634739, levelgen mode: deterministic

345392 Kohma the Slayer (level 21, -6/321 HPs)
             Began as a Minotaur Fighter on Feb 6, 2020.
             Was the Champion of Ashenzari.
             Mangled by Jemaf's ghost (16 damage)
             ... on level 2 of the Vaults.
             The game lasted 02:48:54 (47424 turns).

Kohma the Slayer (Minotaur Fighter)                Turns: 47424, Time: 02:48:54

Health: -6/321     AC: 32    Str: 35    XL:     21   Next: 17%
Magic:  30/30      EV:  9    Int: 12    God:    Ashenzari [******]
Gold:   3351       SH: 13    Dex: 23    Spells: 20/20 levels left

rFire    + . .     SeeInvis +   W - +9 double sword (elec) (curse)
rCold    . . .     Gourm    .   A - +3 warlock's mirror {reflect} (curse)
rNeg     . . .     Faith    .   s - +4 crystal plate armour
rPois    +         Spirit   .   t - +5 hat "Ekluag" {Str+3}
rElec    +         Reflect  +   r - +2 cloak {MR+} (curse)
rCorr    .         Harm     .   i - +2 pair of gloves of Makhleb's Whim {rElec Int+4 Dex+4} (curse)
MR       +++..     Clarity  +   P - +2 pair of boots (curse)
Stlth    ..........             T - +6 amulet of reflection
HPRegen  0.63/turn              V - ring of the Special Mice {+Blink rF+ Int+3 SInv} (curse)
MPRegen  0.22/turn              H - ring "Taeludir" {rPois MR+} (curse)

@: mighty, agile, berserking (expiring), studying Air Magic, extremely drained,
very quick
A: retaliatory headbutt, horns 2
}: 2/15 runes: decaying, gossamer
a: Curse Item, Scrying, Transfer Knowledge, Renounce Religion, Evoke Blink


You were on level 2 of the Vaults.
You worshipped Ashenzari.
Ashenzari was exalted by your worship.
You were not hungry.

You visited 8 branches of the dungeon, and saw 38 of its levels.
You also visited: Gauntlet.

You collected 5310 gold pieces.
You spent 1959 gold pieces at shops.

Inventory:

Hand Weapons
 F - the +8 lance "Wyrmbane" {slay drac, rPois rF+ rC+ AC+3}
   (You found it on level 3 of the Elven Halls)

   It affects your AC (+3).
   It protects you from fire.
   It protects you from cold.
   It protects you from poison.
 W - a cursed +9 double sword of electrocution (weapon)
Missiles
 y - 6 throwing nets (quivered)
Armour
 i - the cursed +2 pair of gloves of Makhleb's Whim (worn) {rElec Int+4 Dex+4}
   (You found it in a Gauntlet)

   It affects your intelligence (+4).
   It affects your dexterity (+4).
   It insulates you from electricity.
   If you remove this armour, your AC will fall 3 points (32 -> 29) It has a
   curse placed upon it.
 r - a cursed +2 cloak of magic resistance (worn)
 s - a +4 crystal plate armour (worn)
 t - the +5 hat "Ekluag" (worn) {Str+3}
   (You bought it in a shop on level 6 of the Dungeon)

   It affects your strength (+3).
   If you remove this armour, your AC will fall 5 points (32 -> 27)
 A - the cursed +3 warlock's mirror (worn) {reflect}
   (You found it on level 14 of the Dungeon)

   If you remove this armour, your AC will rise 0 points (32 -> 32) It has a
   curse placed upon it.
 L - a scarf of resistance
 P - a cursed +2 pair of boots (worn)
Jewellery
 g - an uncursed ring of resist corrosion
 z - an uncursed ring of protection from cold
 H - the cursed ring "Taeludir" (right hand) {rPois MR+}
   (You acquired it on level 9 of the Dungeon)

   [ring of protection from magic]

   It protects you from poison.
   It affects your resistance to hostile enchantments.
   It has a curse placed upon it.
 Q - the ring of Byuliop {+Fly rElec Int+2 Dex-2}
   (You took it off a deep elf mage on level 3 of the Elven Halls)

   [ring of flight]

   It affects your intelligence (+2).
   It affects your dexterity (-2).
   It insulates you from electricity.
   It lets you fly.
 T - a +6 amulet of reflection (around neck)
 U - an uncursed ring of wizardry
 V - the cursed ring of the Special Mice (left hand) {+Blink rF+ Int+3 SInv}
   (You found it on level 6 of the Lair of Beasts)

   [ring of see invisible]

   It affects your intelligence (+3).
   It protects you from fire.
   It lets you see invisible.
   It lets you blink.
   It has a curse placed upon it.
 Y - an uncursed amulet of the acrobat
Wands
 q - a wand of acid (14)
 C - a wand of clouds (20)
 E - a wand of iceblast (43)
 I - a wand of digging (34)
 K - a wand of scattershot (4)
 X - a wand of disintegration (28)
Scrolls
 b - 9 scrolls of fear
 k - a scroll of fog
 l - 10 scrolls of magic mapping
 u - 14 scrolls of teleportation
 G - 2 scrolls of remove curse
 M - a scroll of silence
 O - 19 scrolls of identify
Potions
 c - a potion of cancellation
 d - 4 potions of might
 h - 3 potions of heal wounds
 j - 2 potions of agility
 m - a potion of berserk rage
 n - 9 potions of curing
 p - a potion of invisibility
 v - a potion of magic
 x - 5 potions of haste
 B - 6 potions of mutation
 J - 3 potions of flight
 Z - 3 potions of ambrosia
Books
 N - a manual of Air Magic
Miscellaneous
 o - a lamp of fire
 w - a fan of gales
 R - a lightning rod (4/4)
 S - 2 phantom mirrors
Comestibles
 f - 76 rations


   Skills:
 + Level 24.3(0.0) Fighting
 - Level 12.2(0.0) Long Blades
 - Level 17.2(0.0) Armour
 + Level 19.6(0.0) Dodging
 - Level 13.8(0.0) Shields
 + Level 14.3(0.0) Evocations


You had 20 spell levels left.
You didn't know any spells.
Your spell library contained the following spells:

 Spells                   Type           Power        Failure   Level  Hunger
 Animate Skeleton         Necr           N/A          100%        1    ##.....
 Apportation              Tloc           #.....       100%        1    ##.....
 Corona                   Hex            #......      100%        1    ##.....
 Foxfire                  Conj/Fire      #...         100%        1    ##.....
 Infusion                 Chrm           #...         100%        1    ##.....
 Magic Dart               Conj           #...         100%        1    ##.....
 Sting                    Tmut/Pois      #...         100%        1    ##.....
 Summon Small Mammal      Summ           #...         100%        1    ##.....
 Blink                    Tloc           N/A          100%        2    ###....
 Call Imp                 Summ           #.......     100%        2    ###....
 Corpse Rot               Necr/Air       N/A          100%        2    ###....
 Poisonous Vapours        Pois/Air       #.....       100%        2    ###....
 Searing Ray              Conj           #.....       100%        2    ###....
 Shroud of Golubria       Chrm/Tloc      #.....       100%        2    ###....
 Slow                     Hex            #.......     100%        2    ###....
 Song of Slaying          Chrm           #.......     100%        2    ###....
 Sublimation of Blood     Necr           #.........   100%        2    ###....
 Conjure Flame            Conj/Fire      #.......     100%        3    ####...
 Dazzling Flash           Conj/Hex       #.....       100%        3    ####...
 Ignite Poison            Fire/Tmut/Pois #.......     100%        3    ####...
 Mephitic Cloud           Conj/Pois/Air  #.......     100%        3    ####...
 Ozocubu's Armour         Chrm/Ice       #.......     100%        3    ####...
 Spectral Weapon          Hex/Chrm       #.......     100%        3    ####...
 Static Discharge         Conj/Air       #.......     100%        3    ####...
 Stone Arrow              Conj/Erth      #.....       100%        3    ####...
 Tukima's Dance           Hex            #.......     100%        3    ####...
 Dispel Undead            Necr           #.......     100%        4    #####..
 Fulminant Prism          Conj/Hex       #.........   100%        4    #####..
 Iskenderun's Mystic Bla  Conj/Tloc      #.......     100%        4    #####..
 Leda's Liquefaction      Hex/Erth       #.........   100%        4    #####..
 Olgreb's Toxic Radiance  Pois           #.......     100%        4    #####..
 Sticky Flame             Conj/Fire      #.......     100%        4    #####..
 Agony                    Necr           #.......     100%        5    ######.
 Bolt of Magma            Conj/Fire/Erth #.........   100%        5    ######.
 Excruciating Wounds      Chrm/Necr      #.........   100%        5    ######.
 Fireball                 Conj/Fire      #.........   100%        5    ######.
 Iskenderun's Battlesphe  Conj/Chrm      #.......     100%        5    ######.
 Freezing Cloud           Conj/Ice/Air   #.........   100%        6    #######
 Iron Shot                Conj/Erth      #.........   100%        6    #######
 Starburst                Conj/Fire      #.........   100%        6    #######
 Statue Form              Tmut/Erth      #........    100%        6    #######
 Orb of Destruction       Conj           #.........   100%        7    #######
 Spellforged Servitor     Conj/Summ      #.........   100%        7    #######
 Shatter                  Erth           #.........   100%        9    #######


Dungeon Overview and Level Annotations

Branches:
Dungeon (15/15)            Temple (1/1) D:4            Lair (6/6) D:9
  Swamp (4/4) Lair:2       Spider (4/4) Lair:3        Slime (0/5) Lair:6
    Orc (2/2) D:11            Elf (3/3) Orc:2        Vaults (3/5) D:14
  Crypt (0/3) Vaults:2     Depths (0/5) D:15        Gauntlet (visited)

Altars:
Ashenzari
Cheibriados
Dithmenos
Elyvilon
Fedhas
Gozag
Hepliaklqana
Kikubaaqudgha
Makhleb
Nemelex Xobeh
Okawaru
Qazlal
Ru
Sif Muna
Trog
Uskayaw
Vehumet
Wu Jian
Xom
Yredelemnul
Zin
The Shining One
Jiyva

Shops:
D:4 }   D:5 *   D:6 [[   D:8 (   D:12 =   Orc:2 [*[!   Vaults:1 *
Vaults:2 (}[[

Annotations:
Vaults:2 Jemaf's ghost, veteran MiGl
Vaults:3 Esiny's ghost, adept HuFi; Gastoe's ghost, veteran GrEE


Innate Abilities, Weirdness & Mutations

You reflexively headbutt those who attack you in melee.
You have a pair of horns on your head.


Message History

You barely miss Jemaf's ghost.
You headbutt Jemaf's ghost, but do no damage.
Jemaf's ghost is heavily damaged.
You block Jemaf's ghost's attack.
Your shield and crystal plate armour prevent you from hitting Jemaf's ghost.
You headbutt Jemaf's ghost, but do no damage.
Jemaf's ghost is heavily damaged.
Jemaf's ghost hits you.
* * * LOW HITPOINT WARNING * * *
You feel drained.
* * * LOW HITPOINT WARNING * * *
You hit Jemaf's ghost.
You headbutt Jemaf's ghost, but do no damage.
Jemaf's ghost is heavily damaged.
Jemaf's ghost hits you but does no damage.
You feel drained.
You closely miss Jemaf's ghost. Your headbutt misses Jemaf's ghost.
Jemaf's ghost is heavily damaged.
Jemaf's ghost hits you!
You die...

.##..#......#..............#.....
.....#......##############'####..
.....#.................#......#..
.##..#......########...#......#..
###..#......#......#...#......#..
###))#......#......#...#......#..
))..['......#......#...#......#..
....)#..(...#......#...'......#..
#+#'####....#...@..#...########..
#......#....#...W..#..........(..
#......#....#......#.............
#......#....#......#.............
#......#....#......#.............
#......#....#......#.............
#.....†#....#......'.............
######'#....#......#.............
..........))########.............


You could see Jemaf's ghost.

Vanquished Creatures
  Mara (Spider:4)
  Saint Roka (Vaults:1)
  Nikola (Spider:2)
  The ghost of Zaor the Victor of a Thousand Battles, an adept GnSk of Okawaru (Vaults:3)
  Rupert (D:14)
  Asterion (Vaults:1)
  2 deep elf blademasters
  Gastronok (D:8)
  An acid blob (Lair:6)
  2 deep elf master archers (Elf:3)
  A thorn hunter (Swamp:4)
  A frost giant (D:14)
  8 deep elf sorcerers
  A fire giant (Vaults:3)
  3 ghost moths
  Aizul (Spider:3)
  8 vault wardens
  3 orc warlords
  7 emperor scorpions
  4 deep elf elementalists (Elf:3)
  A reaper (Gauntlet)
  12 ironheart preservers
  2 entropy weavers
  2 stone giants
  3 deep elf demonologists (Elf:3)
  A vampire knight (Vaults:2)
  11 deep elf annihilators
  A minotaur (Gauntlet)
  Snorg (D:14)
  7 deep elf death magi
  An ettin (Vaults:3)
  4 yaktaur captains
  A fire dragon (Swamp:4)
  Josephine (D:14)
  4 deep elf high priests (Elf:3)
  A great orb of eyes (Vaults:2)
  3 ice dragons (Vaults:1)
  3 rakshasas
  Harold (D:8)
  8 vault guards
  16 hydras
  Fannar (Lair:3)
  Erica (D:10)
  The ghost of Armakuni the Basher, a journeyman VSFi of Gozag (Lair:3)
  2 ghost crabs
  A shambling mangrove (Swamp:3)
  2 catoblepae
  8 ogre magi
  2 deep troll shamans (Vaults:2)
  6 centaur warriors
  31 two-headed ogres
  12 alligators
  11 death yaks
  28 dancing weapons
  A small abomination (Elf:3)
  13 deep elf knights
  2 orc high priests
  Sonja (Lair:5)
  Nergalle (D:11)
  An unseen horror (D:14)
  3 deep trolls (Vaults:2)
  3 spriggan druids (Swamp:4)
  2 shadow wraiths
  6 swamp dragons
  12 deep elf archers
  19 orc knights
  3 glowing orange brains
  A phantasmal warrior (Vaults:1)
  13 wizards
  5 harpies (Vaults:2)
  2 lindwurms (Swamp:4)
  Pikel (D:9)
  9 ironbrand convokers
  2 oklob plants
  24 ugly things
  3 necromancers
  10 orb spiders
  31 wolf spiders
  5 orc sorcerers
  9 cyclopes
  46 deep elf magi
  2 manticores
  2 moths of wrath
  An ice statue (D:14)
  2 black mambas
  A guardian serpent (shapeshifter) (D:15)
  9 vault sentinels
  Maurice (D:11)
  A stone giant skeleton (Vaults:2)
  3 torpor snails
  A storm dragon simulacrum (Vaults:2)
  A yaktaur zombie (Vaults:1)
  21 spiny frogs
  A komodo dragon (shapeshifter) (D:15)
  Maggie (D:10)
  A rime drake (Lair:2)
  10 yaktaurs
  6 komodo dragons
  11 demonic crawlers
  A tengu conjurer (D:15)
  25 jumping spiders
  9 trolls
  A hornet (shapeshifter) (D:15)
  A polar bear (shapeshifter) (Vaults:2)
  11 tyrant leeches
  A tengu simulacrum (Vaults:2)
  26 hornets
  50 slime creatures
  Prince Ribbit (D:8)
  A blink frog (shapeshifter) (D:14)
  4 bog bodies
  A raiju (shapeshifter) (D:15)
  8 hippogriffs
  A fire giant simulacrum (Vaults:2)
  29 blink frogs
  3 human simulacra (Vaults:2)
  8 spriggans
  65 redbacks
  7 humans
  3 air elementals
  16 tarantellas
  A tarantella (shapeshifter) (Elf:2)
  4 wyverns
  6 wraiths
  3 water elementals (Elf:1)
  3 fire elementals
  4 basilisks
  A shadow (D:13)
  Eustachio (D:4)
  49 yaks
  4 hogs (D:7)
  Grum (D:8)
  A golden eye (shapeshifter) (Vaults:1)
  17 vampire mosquitoes
  2 acid dragons
  8 wargs
  11 water moccasins
  11 insubstantial wisps
  25 swamp worms
  A water moccasin (shapeshifter) (D:15)
  10 porcupines
  8 swamp drakes
  67 orc warriors
  2 slaves (D:9)
  8 sky beasts
  A black bear (D:6)
  4 ice beasts
  5 necrophages
  A tengu (shapeshifter) (Vaults:1)
  4 boggarts (Vaults:1)
  28 ogres
  2 eyes of draining
  16 wolves
  23 centaurs
  14 crocodiles
  A big kobold (D:12)
  27 bullfrogs
  An earth elemental (Elf:1)
  A glowing shapeshifter simulacrum (Vaults:1)
  2 scorpions
  12 killer bees
  14 wights
  6 electric eels
  9 howler monkeys
  5 crimson imps
  2 quasits
  6 hounds
  4 jellies
  2 bullfrog skeletons
  22 orc priests
  A centaur skeleton (D:8)
  2 gnoll shamans (D:4)
  14 worker ants
  3 iguanas
  4 hell rats (Lair:5)
  32 orc wizards
  A killer bee zombie (D:7)
  A hound zombie (D:8)
  A hound skeleton (D:9)
  A worker ant zombie (D:7)
  Robin (D:2)
  13 gnolls
  11 adders
  A howler monkey skeleton (D:10)
  5 shadow imps
  An ooze (D:1)
  An adder zombie (D:8)
  2 adder skeletons
  3 worms
  2 dart slugs
  5 leopard geckos
  123 orcs
  2 ball pythons
  9 bats
  5 giant cockroaches
  11 goblins
  9 hobgoblins
  9 jackals
  6 kobolds
  2 quokkas
  A frilled lizard (D:3)
  A leopard gecko skeleton (D:4)
  A leopard gecko zombie (D:8)
  4 rats
  A fungus (Lair:6)
  3 plants
1566 creatures vanquished.

Vanquished Creatures (collateral kills)
  A hydra (Swamp:4)
  Urug (D:14)
  A lindwurm (Swamp:4)
  An ugly thing (Vaults:1)
  2 trolls (Vaults:1)
  8 humans (D:14)
  A vampire (D:14)
  A wraith (D:14)
  A warg (Vaults:1)
  A human zombie (Vaults:1)
  An orc warrior (Vaults:1)
  An orc wizard (Vaults:1)
  An orc (Vaults:1)
21 creatures vanquished.

Vanquished Creatures (others)
  Nessos (D:14)
  A deep elf high priest (Elf:3)
  A hydra (D:14)
  An alligator (Swamp:2)
  A deep elf knight (Elf:1)
  A wizard (D:14)
  A deep elf mage (D:14)
  A cyclops (D:12)
  2 yaktaurs
  2 slime creatures
  2 humans (D:14)
  An orc warrior (Elf:1)
  3 centaurs
  A howler monkey (D:11)
  An orc (D:11)
  A kobold (D:12)
  2 bushes (Lair:6)
  A crawling corpse (Elf:3)
  2 demonic plants (Gauntlet)
  18 fungi
  42 plants
86 creatures vanquished.

Grand Total: 1673 creatures vanquished

Notes
Turn   | Place    | Note
-------+----------+-------------------------------------------
     0 | D:1      | Kohma the Minotaur Fighter began the quest for the Orb.
     0 | D:1      | Reached XP level 1. HP: 19/19 MP: 0/0
   129 | D:1      | Reached XP level 2. HP: 27/27 MP: 1/1
   701 | D:2      | Noticed Robin
   706 | D:2      | Reached XP level 3. HP: 33/33 MP: 2/2
   712 | D:2      | Killed Robin
   712 | D:2      | Reached skill level 4 in Fighting
   977 | D:2      | Reached XP level 4. HP: 40/40 MP: 3/3
  1705 | D:3      | Reached skill level 5 in Shields
  1705 | D:3      | Reached XP level 5. HP: 17/47 MP: 4/4
  2498 | D:4      | Reached skill level 5 in Long Blades
  2509 | D:4      | Reached XP level 6. HP: 19/55 MP: 5/5
  2787 | D:4      | Found a hazy altar of Hepliaklqana.
  2842 | D:4      | Reached skill level 5 in Fighting
  3004 | D:4      | Noticed Eustachio
  3032 | D:4      | Killed Eustachio
  3032 | D:4      | Reached XP level 7. HP: 39/61 MP: 6/6
  3449 | D:4      | Found a staircase to the Ecumenical Temple.
  3453 | Temple   | Entered the Ecumenical Temple
  3753 | Temple   | Became a worshipper of Ashenzari the Shackled
  4118 | D:4      | Found Cadib's Gadget Shop.
  4469 | D:5      | Entered Level 5 of the Dungeon
  4475 | D:5      | Got the uncursed ring mail "Ylaest" {rElec rPois rF+}
  4486 | D:5      | Identified the +3 ring mail "Ylaest" {rElec rPois rF+} (You
                  | found it on level 5 of the Dungeon)
  4678 | D:5      | Reached skill level 6 in Fighting
  4713 | D:5      | Reached XP level 8. HP: 70/70 MP: 7/7
  4759 | D:5      | Found Leelas Guk's General Store.
  4780 | D:5      | Identified the +1 leather armour "Caoprolo" {rElec}
  4793 | D:5      | Noticed a -1 dagger
  4795 | D:5      | Noticed a +0 dagger
  4797 | D:5      | Found a hide-covered altar of Uskayaw.
  4809 | D:5      | Bought a scroll of identify for 24 gold pieces
  4809 | D:5      | Bought a scroll of noise for 12 gold pieces
  5100 | D:6      | Reached * piety under Ashenzari
  5151 | D:6      | Found Ler Vor's Antique Armour Shop.
  5174 | D:6      | Bought an embroidered cloak for 172 gold pieces
  5182 | D:6      | Found Vakheghe's Antique Armour Boutique.
  5302 | D:6      | Found a sacrificial altar of Ru.
  5804 | D:7      | Reached skill level 7 in Fighting
  5837 | D:7      | Reached XP level 9. HP: 78/79 MP: 8/8
  5856 | D:7      | Reached skill level 10 in Shields
  5974 | D:7      | Reached skill level 10 in Long Blades
  6111 | D:7      | Found a snail-covered altar of Cheibriados.
  6147 | D:7      | Reached ** piety under Ashenzari
  6275 | D:7      | Found a burning altar of Makhleb.
  6416 | D:8      | Found an iron altar of Okawaru.
  6420 | D:8      | Found a shimmering blue altar of Sif Muna.
  6421 | D:8      | Noticed Gastronok
  6437 | D:8      | Killed Gastronok
  6437 | D:8      | Reached XP level 10. HP: 18/86 MP: 9/9
  6749 | D:8      | Noticed Grum
  6765 | D:8      | Killed Grum
  6784 | D:8      | Noticed a two-headed ogre
  6799 | D:8      | Killed a two-headed ogre
  7028 | D:8      | Found Ysoleal's Weapon Emporium.
  7189 | D:8      | Noticed Prince Ribbit
  7197 | D:8      | Killed Prince Ribbit
  7289 | D:8      | Noticed Harold
  7298 | D:8      | Killed Harold
  7298 | D:8      | Reached skill level 5 in Armour
  7298 | D:8      | Reached skill level 1 in Dodging
  7721 | D:9      | Reached XP level 11. HP: 94/94 MP: 10/10
  7775 | D:9      | Reached skill level 8 in Fighting
  7780 | D:9      | Reached *** piety under Ashenzari
  8163 | D:9      | Noticed Pikel
  8173 | D:9      | Killed Pikel
  8189 | D:9      | Found a staircase to the Lair.
  8224 | D:9      | Identified a scroll of acquirement
  8227 | D:9      | Identified the cursed ring "Taeludir" {rPois MR+} (You
                  | acquired it on level 9 of the Dungeon)
  8417 | D:10     | Entered Level 10 of the Dungeon
  8504 | D:10     | Noticed Maggie
  8504 | D:10     | Noticed Erica
  8529 | D:10     | Killed Maggie
  8542 | D:10     | Killed Erica
  8542 | D:10     | Reached skill level 9 in Fighting
  8900 | D:10     | Reached **** piety under Ashenzari
  9447 | D:11     | Noticed Maurice
  9463 | D:11     | Killed Maurice
  9463 | D:11     | Reached skill level 10 in Fighting
  9550 | D:11     | Noticed Nergalle
  9556 | D:11     | Noticed a spectral orc warlord
  9569 | D:11     | Killed Nergalle
  9680 | D:11     | Found a staircase to the Orcish Mines.
 10358 | Lair:1   | Entered Level 1 of the Lair of Beasts
 10429 | Lair:1   | Reached skill level 5 in Dodging
 10442 | Lair:1   | Identified the +6 dagger of the Jolly Hells {holy, rF- rN+
                  | Str+9}
 10570 | Lair:1   | Noticed an oklob plant
 10593 | Lair:1   | Killed an oklob plant
 10593 | Lair:1   | Reached XP level 12. HP: 91/108 MP: 11/11
 10719 | Lair:1   | Reached skill level 11 in Fighting
 10875 | Lair:2   | Reached ***** piety under Ashenzari
 10952 | Lair:2   | Found a staircase to the Swamp.
 11103 | Lair:2   | Noticed a death yak
 11103 | Lair:2   | Noticed a death yak
 11103 | Lair:2   | Noticed a death yak
 11121 | Lair:2   | Killed a death yak
 11130 | Lair:2   | Killed a death yak
 11134 | Lair:2   | Killed a death yak
 11134 | Lair:2   | Reached skill level 10 in Armour
 11957 | Lair:3   | Found a hole to the Spider Nest.
 12167 | Lair:3   | Reached skill level 12 in Fighting
 12210 | Lair:3   | Noticed Fannar
 12225 | Lair:3   | Killed Fannar
 12319 | Lair:3   | Found a runed translucent gate.
 12327 | Lair:3   | Found a runed translucent gate.
 12327 | Lair:3   | Noticed Armakuni's ghost (journeyman VSFi)
 12328 | Lair:3   | Found a runed translucent gate.
 12329 | Lair:3   | Found a viscous altar of Jiyva.
 12432 | Lair:3   | Killed Armakuni's ghost
 12432 | Lair:3   | Reached skill level 1 in Evocations
 13327 | Lair:4   | Noticed a six-headed hydra
 13330 | Lair:4   | Killed a six-headed hydra
 13921 | Lair:5   | Noticed Sonja
 13934 | Lair:5   | Killed Sonja
 13934 | Lair:5   | Reached skill level 13 in Fighting
 13934 | Lair:5   | Reached XP level 13. HP: 122/122 MP: 13/13
 14250 | Lair:5   | Identified the +5 long sword of Gin and Tonic {drain, rF+
                  | Str+4 Int-4}
 14864 | Lair:5   | Reached skill level 14 in Fighting
 15307 | Lair:6   | Entered Level 6 of the Lair of Beasts
 15972 | Lair:6   | Reached ****** piety under Ashenzari
 15982 | Lair:6   | Found a runed translucent door.
 15983 | Lair:6   | Found a viscous altar of Jiyva.
 15984 | Lair:6   | Found a staircase to the Slime Pits.
 15984 | Lair:6   | Noticed an acid blob
 15993 | Lair:6   | Killed an acid blob
 15993 | Lair:6   | Reached XP level 14. HP: 69/133 MP: 16/16
 16220 | Lair:6   | Reached skill level 5 in Evocations
 16238 | Lair:6   | Reached skill level 15 in Fighting
 16566 | Lair:6   | Identified the ring of the Special Mice {+Blink rF+ Int+3
                  | SInv}
 17134 | Orc:1    | Entered Level 1 of the Orcish Mines
 17398 | Orc:2    | Entered Level 2 of the Orcish Mines
 17545 | Orc:2    | Noticed an orc warlord
 17641 | Orc:1    | Killed an orc warlord
 18073 | Orc:1    | Noticed an orc warlord
 18102 | Orc:1    | Killed an orc warlord
 18353 | Orc:1    | Reached skill level 15 in Armour
 18528 | Orc:2    | Found a staircase to the Elven Halls.
 18553 | Elf:1    | Entered Level 1 of the Elven Halls
 18671 | Orc:2    | Reached skill level 16 in Fighting
 19521 | Orc:2    | Found Rosig's Antique Armour Boutique.
 19521 | Orc:2    | Found Siesots's General Store.
 19523 | Orc:2    | Found Xesh's Armour Emporium.
 19525 | Orc:2    | Found Ohoako's Distillery.
 19545 | Orc:2    | Bought a pair of embroidered boots for 150 gold pieces
 19547 | Orc:2    | Bought a potion of heal wounds for 50 gold pieces
 19547 | Orc:2    | Bought a potion of heal wounds for 50 gold pieces
 19750 | Swamp:1  | Entered Level 1 of the Swamp
 20868 | Swamp:1  | Found an opulent altar of Gozag.
 21186 | Swamp:1  | Reached XP level 15. HP: 145/145 MP: 19/19
 21485 | Swamp:2  | Identified the cursed +0 ring mail "Botuar" {rF+ MP+9
                  | Str+2}
 21599 | Swamp:2  | Reached skill level 17 in Fighting
 23693 | Swamp:4  | Entered Level 4 of the Swamp
 23728 | Swamp:4  | Reached skill level 10 in Dodging
 24011 | Swamp:4  | Reached skill level 18 in Fighting
 24805 | Swamp:4  | Got a decaying rune of Zot
 24952 | Swamp:4  | Noticed a thorn hunter
 24964 | Swamp:4  | Killed a thorn hunter
 25303 | Swamp:4  | Reached XP level 16. HP: 140/158 MP: 21/21
 25568 | Spider:1 | Entered Level 1 of the Spider Nest
 27428 | Spider:2 | Reached skill level 19 in Fighting
 28394 | Spider:3 | Noticed Nikola
 28408 | Spider:2 | Killed Nikola
 29672 | Spider:4 | Entered Level 4 of the Spider Nest
 29945 | Spider:4 | Noticed Mara
 29957 | Spider:4 | Noticed Kohma's illusion
 29982 | Spider:4 | Noticed Aizul
 30335 | Spider:3 | Killed Aizul
 30543 | Spider:4 | Noticed Kohma's illusion
 30546 | Spider:4 | Killed Mara
 30923 | Spider:4 | Reached skill level 20 in Fighting
 31056 | Spider:4 | Reached XP level 17. HP: 159/170 MP: 22/22
 32074 | Spider:4 | Got a gossamer rune of Zot
 32314 | D:12     | Found a flagged portal.
 32314 | D:12     | Identified the cursed +0 halberd "Ofogel" {distort, rN+}
 32376 | D:12     | Found a gate leading to a gauntlet.
 32403 | Gauntlet | Entered a Gauntlet
 32403 | Gauntlet | Found a transporter.
 32403 | Gauntlet | Found a transporter.
 32403 | Gauntlet | Found a transporter.
 32403 | Gauntlet | Found a transporter.
 32410 | Gauntlet | Found a transporter.
 32417 | Gauntlet | Found a transporter.
 32421 | Gauntlet | Identified the +2 pair of gloves of Makhleb's Whim {rElec
                  | Int+4 Dex+4}
 32421 | Gauntlet | Found a transporter.
 32430 | Gauntlet | Found a transporter.
 32438 | Gauntlet | Found a transporter.
 32461 | Gauntlet | Found a transporter.
 32464 | Gauntlet | Found a transporter.
 32486 | Gauntlet | Found a transporter.
 32516 | Gauntlet | Found the +2 hat of the Bear Spirit {Spirit, +Rage rN+
                  | MR++}
 32637 | Gauntlet | Got the uncursed cloak of Minor Irritation {rF+ Int+2}
 32925 | D:12     | Found Micedopt's Jewellery Boutique.
 33167 | Orc:2    | Bought a glowing plate armour for 520 gold pieces
 33195 | Orc:2    | Identified the +0 cloak of Minor Irritation {rF+ Int+2}
                  | (You found it in a Gauntlet)
 34627 | D:14     | Found a gate to the Vaults.
 34627 | D:14     | Noticed Rupert
 34627 | D:14     | Noticed Nessos
 34627 | D:14     | Noticed Urug
 34638 | D:14     | Killed Rupert
 34638 | D:14     | Reached skill level 10 in Evocations
 34639 | D:14     | Killed Nessos
 34655 | D:14     | Killed Urug
 34724 | D:14     | Noticed Josephine
 34733 | D:14     | Killed Josephine
 35025 | D:14     | Reached skill level 15 in Dodging
 35625 | D:14     | Found the +3 warlock's mirror {reflect}
 35746 | D:14     | Noticed Snorg
 35760 | D:14     | Killed Snorg
 35812 | D:14     | Reached XP level 18. HP: 169/180 MP: 24/24
 35997 | D:14     | Found a blossoming altar of Fedhas.
 36340 | D:15     | Entered Level 15 of the Dungeon
 36678 | D:15     | Reached skill level 21 in Fighting
 37020 | D:15     | Found a staircase to the Depths.
 37355 | Elf:1    | Identified the +8 long sword of Pauj {vorpal, rC- Str+5
                  | Int+4}
 37502 | Elf:1    | Identified the Volume of Attacks
 38303 | D:6      | Bought a crude hat for 198 gold pieces
 38303 | D:6      | Identified the +5 hat "Ekluag" {Str+3} (You bought it in a
                  | shop on level 6 of the Dungeon)
 39387 | Elf:2    | Found a huge runed translucent gate.
 39387 | Elf:2    | Found a huge runed translucent gate.
 39387 | Elf:2    | Found a huge runed translucent gate.
 39387 | Elf:2    | Found a huge runed translucent gate.
 39387 | Elf:2    | Found a huge runed translucent gate.
 39780 | Elf:2    | Reached skill level 22 in Fighting
 40106 | Elf:3    | Entered Level 3 of the Elven Halls
 40161 | Elf:3    | Reached XP level 19. HP: 191/191 MP: 26/26
 40304 | Elf:3    | HP: 8/193 [deep elf annihilator/crystal spear (40)]
 41007 | Elf:3    | Identified the +8 mace "Doeziy" {flame, rC+ MR+ Dex+3}
 41029 | Elf:3    | Identified the ring of Byuliop {+Fly rElec Int+2 Dex-2}
 41031 | Elf:3    | Identified the +4 scale mail of Yrchaal {*Drain rPois MP-9
                  | Int+6}
 41070 | Elf:3    | Noticed a Brimstone Fiend
 41334 | Elf:3    | Found the +8 lance "Wyrmbane" {slay drac, rPois rF+ rC+
                  | AC+3}
 41383 | Elf:3    | Identified the amulet of Utehiw {Inacc rF+ rN++ Stlth+}
 41406 | Elf:3    | Identified the Compendium of Ensnaring Ignition
 41418 | Elf:3    | Identified the Collected Works on Enchanting Arcane Weapons
 42409 | Vaults:1 | Entered Level 1 of the Vaults
 42499 | Vaults:1 | Noticed Asterion
 42512 | Vaults:1 | Killed Asterion
 42834 | Vaults:1 | Reached skill level 23 in Fighting
 42960 | Vaults:1 | Found Ompynaz's Assorted Antiques.
 42966 | Vaults:1 | Bought a scroll of enchant armour for 247 gold pieces
 42966 | Vaults:1 | Bought a scroll of remove curse for 99 gold pieces
 43222 | Vaults:1 | Noticed Saint Roka
 43249 | Vaults:1 | Killed Saint Roka
 43249 | Vaults:1 | Reached XP level 20. HP: 120/203 MP: 28/28
 44310 | Vaults:2 | Found Fucal's Armour Emporium.
 44328 | Vaults:2 | Found Leroach's Gadget Boutique.
 44333 | Vaults:2 | Found Esman's Antique Armour Boutique.
 44339 | Vaults:2 | Bought a pair of faintly humming gloves for 437 gold pieces
 44339 | Vaults:2 | Identified the +1 pair of gloves of Ydezat {+Blink rPois}
                  | (You bought it in a shop on level 2 of the Vaults)
 45587 | Vaults:2 | Found a staircase to the Crypt.
 45644 | Vaults:2 | Found Alukaom's Antique Weapon Boutique.
 45928 | Vaults:3 | Reached skill level 24 in Fighting
 46162 | Vaults:3 | Reached XP level 21. HP: 214/214 MP: 30/30
 46563 | Vaults:3 | Found a runed translucent gate.
 46563 | Vaults:3 | Found a runed translucent gate.
 46563 | Vaults:3 | Noticed Gastoe's ghost (veteran GrEE)
 46564 | Vaults:3 | Found a runed translucent gate.
 46564 | Vaults:3 | Noticed Zaor's ghost (adept GnSk)
 46564 | Vaults:3 | Noticed Esiny's ghost (adept HuFi)
 46564 | Vaults:3 | Noticed Esiny's ghost (adept HuFi)
 46565 | Vaults:3 | Identified the +10 rapier of the Dragonfly {flame, rElec}
 46565 | Vaults:3 | Noticed Jemaf's ghost (veteran MiGl)
 46608 | Vaults:3 | Killed Zaor's ghost
 47417 | Vaults:2 | HP: 12/321 [Jemaf's ghost (14)]
 47422 | Vaults:2 | HP: 10/321 [Jemaf's ghost (6)]
 47424 | Vaults:2 | Mangled by Jemaf's ghost

Levels and vault maps discovered:
D:1:      scummos_arrival_checkerplants, layout_loops_cross,
          minmay_misc_feat_hallway
D:2:      layout_loops_ring, first_ration, uniq_robin
D:3:      layout_basic
D:4:      layout_loops_ring, lemuel_coloured_pillars_altar,
          minmay_temple_entry_glassed_door, serial_shops, kennysheep_mini_moat,
          uniq_eustachio
D:5:      layout_cave_pools, dancing_weapons_uskayaw, serial_shops, shop
D:6:      layout_loops_cross, serial_shops, shop,
          nicolae_shop_competitors_out_of_business, hangedman_ru_absence
D:7:      layout_loops_ring, lightli_temple_of_fire,
          nicolae_overflow_crystal_walls, grunt_livestock
D:8:      layout_basic, grunt_temple_overflow_open, serial_shops, shop,
          uniq_prince_ribbit1, uniq_grum, uniq_harold, uniq_gastronok
D:9:      layout_roguey, lair_entry_dummy, uniq_pikel
D:10:     layout_basic, uniq_maggie, uniq_erica
D:11:     layout_basic, orc_0_dummy, uniq_nergalle, uniq_maurice
D:12:     layout_roguey, serial_shops, shop_fountains, enter_bailey_2,
          gauntlet_entry_generic
D:13:     layout_big_octagon, grunt_ministairs_1
D:14:     minmay_smoke_and_mirrors, layout_stronghold, david_vaults_3,
          fedhas_altar_4, nzn_random_ring, uniq_josephine, uniq_snorg
D:15:     gammafunk_enter_depths_forms, layout_cave_pools, hangedman_glass_teeth
Temple:   regret_index_temple_generic_petals
Lair:1:   layout_cave_shapes, grunt_megastairs_4, lemuel_fruit_fields,
          lemuel_fruit_tree, minmay_lair_oklob_chamber,
          infiniplex_staircase_pool_2
Lair:2:   layout_roguey, skrybe_swamp_entry_bodies, serial_bayou,
          serial_bayou_shore_a, serial_bayou_shore_b, serial_bayou_pond_d,
          serial_bayou_pond_b
Lair:3:   layout_roguey, spider_nest_entry_web_field, gammafunk_ghost_ooze,
          uniq_fannar
Lair:4:   layout_roguey
Lair:5:   beast_lair_carwin_large_2, layout_regular_city, grunt_megastairs_2,
          uniq_sonja
Lair:6:   minmay_lair_end_frog_pond, layout_misc_corridors, slime_altar_2,
          serial_bayou_shore_b
Swamp:1:  layout_falls_marsh, basic_altar
Swamp:2:  layout_basic_swamp, serial_swamp_ruin, evilmike_swamp_ruin_rubble_2,
          evilmike_swamp_ruin_house_5
Swamp:3:  layout_basic_swamp, evilmike_swamp_ruin_house_2
Swamp:4:  swamp_alternative, layout_basic_swamp
Spider:1: layout_spider_delve, portal_ice_cave_entry_pillars_three,
          guppyfry_spider_mini_2
Spider:2: layout_chambers, nicolae_spider_cling_halls
Spider:3: nicolae_spider_mines_1, uniq_nikola
Spider:4: guppyfry_spider_rune, uniq_aizul, uniq_mara
Orc:1:    layout_caves, mines3_lemuel
Orc:2:    st_orc_rangers, layout_caves
Elf:1:    layout_loops_cross, minmay_elf_sorcery, grunt_ministairs_6
Elf:2:    layout_geoelf_diagonals
Elf:3:    minmay_elf_hall_x, layout_geoelf_octagon, palyth_stone_intersect
Vaults:1: nicolae_vaults_network_s, hangedman_vaults_slither,
          nicolae_vaults_circle_grid_a, nicolae_vaults_inception_scallops,
          v_misc_19, nicolae_vaults_arrows, hangedman_vaults_nails,
          vaults_mumra_hex, vaults_mumra_hexcomb,
          nicolae_vaults_little_squares_4, layout_vaults_omnicross,
          serial_shops, shop, uniq_saint_roka, uniq_asterion
Vaults:2: minmay_crypt_entry_simple_statues, vaults_mumra_chevron_long,
          v_misc_15, ontoclasm_vaults_ligature, v_misc_12, v_misc_30, v_misc_33,
          nicolae_vaults_little_squares_4, v_misc_4,
          nicolae_vaults_diagonal_hallway_7, layout_vaults_chaotic_city,
          serial_shops, shop_statue,
          nicolae_shop_temple_entry_statues_fountains, shop,
          nicolae_shop_waterfront
Vaults:3: gammafunk_vaults_ghost_cemetery, v_pattern_2, vaults_room_door_hall,
          hangedman_vaults_locks, ontoclasm_vaults_fault, v_misc_24,
          vaults_room_fours, nicolae_vaults_little_squares_6,
          vaults_room_door_ring, nicolae_vaults_little_squares_5,
          nicolae_vaults_ring_of_whatevers, layout_vaults_ring, uniq_jory

Skill      XL: |  1  2  3  4  5  6  7  8  9 10 11 12 13 14 15 16 17 18 19 20 |
---------------+-------------------------------------------------------------+-----
Long Blades    | 3 4 5 6 7 9 12 | 12.2
Shields        | 4 5 6 7 9 12 13 | 13.8
Fighting       | 4 5 6 7 10 13 14 16 18 20 22 23 24 | 24.3
Armour         | 5 9 11 14 15 16 17 | 17.2
Dodging        | 1 5 7 8 11 14 15 16 18 19 | 19.6
Evocations     | 2 4 6 8 10 11 12 14 | 14.3

Action                   |  1- 3 |  4- 6 |  7- 9 | 10-12 | 13-15 | 16-18 | 19-21 || total
-------------------------+-------+-------+-------+-------+-------+-------+-------++-------
Melee: Long sword        |    28 |       |       |       |  1321 |  1784 |   176 ||  3309
       Headbutt          |    12 |    30 |    41 |    94 |   374 |   603 |   328 ||  1482
       Scimitar          |    34 |   185 |   253 |   557 |    40 |       |       ||  1069
       Double sword      |       |       |       |       |       |       |   824 ||   824
Throw: Dart              |       |       |       |     8 |     2 |     4 |       ||    14
       Throwing net      |       |       |       |       |       |     2 |       ||     2
Invok: Curse Item        |       |       |     6 |       |     2 |     4 |     1 ||    13
 Abil: Evoke Blink       |       |       |       |       |     1 |       |     1 ||     2
Evoke: Wand              |       |       |       |     4 |    10 |     1 |     6 ||    21
       Box of beasts     |       |       |       |       |     2 |       |       ||     2
       Sack of spiders   |       |       |       |       |       |     2 |     6 ||     8
       Lightning rod     |       |       |       |       |       |     1 |     2 ||     3
  Use: Scroll            |       |       |    13 |     7 |    10 |    16 |     8 ||    54
       Potion            |       |       |       |       |     5 |       |     7 ||    12
 Stab: Distracted        |       |       |       |       |     2 |       |       ||     2
       Held in net/web   |       |       |       |       |       |     3 |       ||     3
       Petrified         |       |       |       |       |       |     6 |       ||     6
  Eat: Chunk             |       |     7 |    29 |    24 |    38 |    24 |    19 ||   141
       Ration            |       |       |       |       |       |     5 |     2 ||     7
Armor: Scale mail        |    27 |    59 |       |       |       |       |       ||    86
       Chain mail        |       |    13 |    16 |       |       |       |       ||    29
       Ring mail         |       |       |    45 |    68 |   294 |   203 |       ||   610
       Plate armour      |       |       |       |       |       |   241 |    72 ||   313
       Crystal plate arm |       |       |       |       |       |       |   282 ||   282
Dodge: Dodged            |    23 |    43 |    72 |   135 |   582 |   807 |   417 ||  2079
Block: Shield            |    39 |   117 |   172 |   323 |  1120 |  1258 |       ||  3029
       Reflection        |       |       |       |       |       |    93 |    60 ||   153
       Buckler           |       |       |       |       |       |   433 |   784 ||  1217
       Rpst.: Long sword |     1 |       |       |       |   113 |   165 |    18 ||   297
       Scimitar          |     2 |    10 |    23 |    29 |     4 |       |       ||    68
       Double sword      |       |       |       |       |       |       |    70 ||    70

Table legend:
 A = Non-vault XP
 B = Vault XP
 C = Vault XP percentage of total XP
 D = Non-vault monster count
 E = Vault monster count
 F = Vault count percentage of total count
                 A         B        C        D         E       F
            +---------+---------+-------+---------+---------+-------
      Total |  311272 |  294709 |  48.6 |    1089 |     509 |  31.9
            +---------+---------+-------+---------+---------+-------
        D:1 |      28 |       0 |   0.0 |      12 |       0 |   0.0
        D:2 |      66 |      28 |  29.8 |      15 |       8 |  34.8
        D:3 |     170 |       0 |   0.0 |      30 |       0 |   0.0
        D:4 |     669 |     197 |  22.7 |      38 |       1 |   2.6
        D:5 |     529 |       0 |   0.0 |      17 |       0 |   0.0
        D:6 |     688 |       0 |   0.0 |      12 |       0 |   0.0
        D:7 |    1639 |     975 |  37.3 |      31 |       5 |  13.9
        D:8 |    1644 |    4234 |  72.0 |      23 |       7 |  23.3
        D:9 |    1706 |     617 |  26.6 |      37 |       1 |   2.6
       D:10 |    2511 |    1325 |  34.5 |      30 |       2 |   6.2
       D:11 |    1692 |    1228 |  42.1 |      16 |       2 |  11.1
       D:12 |    7109 |       0 |   0.0 |      30 |       0 |   0.0
       D:13 |    8954 |    1933 |  17.8 |      41 |       6 |  12.8
       D:14 |    8116 |   25209 |  75.6 |      27 |      55 |  67.1
       D:15 |   13053 |    5138 |  28.2 |      42 |      10 |  19.2
     Lair:1 |    2044 |     962 |  32.0 |      14 |       3 |  17.6
     Lair:2 |    3903 |     575 |  12.8 |      10 |       3 |  23.1
     Lair:3 |    5888 |    2340 |  28.4 |      25 |       6 |  19.4
     Lair:4 |    5437 |       0 |   0.0 |      23 |       0 |   0.0
     Lair:5 |    7019 |    5668 |  44.7 |      22 |      12 |  35.3
     Lair:6 |    8778 |   13025 |  59.7 |      35 |      42 |  54.5
    Swamp:1 |   10217 |       0 |   0.0 |      30 |       0 |   0.0
    Swamp:2 |   14775 |       0 |   0.0 |      44 |       0 |   0.0
    Swamp:3 |    9051 |     942 |   9.4 |      27 |       1 |   3.6
    Swamp:4 |   11919 |   14049 |  54.1 |      32 |      22 |  40.7
   Spider:1 |   14686 |    1910 |  11.5 |      52 |       8 |  13.3
   Spider:2 |    8417 |    3172 |  27.4 |      13 |       1 |   7.1
   Spider:3 |   12128 |    4632 |  27.6 |      36 |       9 |  20.0
   Spider:4 |    4756 |   32621 |  87.3 |      13 |      44 |  77.2
      Orc:1 |    7589 |     535 |   6.6 |      59 |       1 |   1.7
      Orc:2 |    2976 |    5384 |  64.4 |      26 |      38 |  59.4
      Elf:1 |   13432 |    9299 |  40.9 |      30 |      15 |  33.3
      Elf:2 |   18221 |   27827 |  60.4 |      33 |      33 |  50.0
      Elf:3 |   12570 |   47507 |  79.1 |      16 |      33 |  67.3
   Vaults:1 |   14264 |   53514 |  79.0 |      42 |      88 |  67.7
   Vaults:2 |   45054 |   14514 |  24.4 |      60 |      32 |  34.8
   Vaults:3 |   29574 |   11983 |  28.8 |      46 |      15 |  24.6
   Gauntlet |       0 |    3366 | 100.0 |       0 |       6 | 100.0
            +---------+---------+-------+---------+---------+-------
